 Dungeon Crawl Stone Soup version 0.19.5 (webtiles) character file.

100 devil0150 the Magician (level 4, -4/27 HPs)
             Began as a High Elf Wizard on Apr 10, 2017.
             Slain by an orc warrior
             ... wielding a +2 short sword of draining
              (7 damage)
             ... on level 3 of the Dungeon.
             The game lasted 00:10:12 (3895 turns).

devil0150 the Magician (High Elf Wizard)            Turns: 3895, Time: 00:10:12

Health: -4/27      AC:  3    Str:  6    XL:     4   Next: 47%
Magic:  7/12       EV: 12    Int: 22    God:
Gold:   141        SH:  0    Dex: 14    Spells: 5 memorised, 2 levels left

rFire  . . .     SeeInvis .     f - +1 dagger
rCold  . . .     Gourm    .     a - +1 robe
rNeg   . . .     Faith    .     (no shield)
rPois  .         Spirit   .     b - +0 hat
rElec  .         Reflect  .     (no cloak)
rCorr  .         Harm     .     (no gloves)
MR     .....                    (no boots)
Stlth  ++........               (no amulet)
                                (no ring)
                                (no ring)

@: heavily drained
A: no striking features
a: no special abilities


You were on level 3 of the Dungeon.
You were not hungry.

You visited 1 branch of the dungeon, and saw 4 of its levels.

You collected 141 gold pieces.

Inventory:

Hand Weapons
 f - a +1 dagger (weapon)
 n - a +2 mace of protection
 p - a cursed -2 mace
Missiles
 i - 46 arrows
Armour
 a - a +1 robe (worn)
 b - a +0 hat (worn)
Potions
 e - a potion of heal wounds {unknown}
 g - a potion of curing {unknown}
 j - a potion of might {unknown}
 o - a potion of resistance {unknown}
Books
 c - a book of Minor Magic

   Spells                             Type                      Level
   a - Magic Dart                     Conjuration                  1
   b - Blink                          Translocation                2
   c - Call Imp                       Summoning                    2
   d - Repel Missiles                 Charms/Air                   2
   e - Slow                           Hexes                        2
   f - Conjure Flame                  Conjuration/Fire             3
   g - Mephitic Cloud                 Conjuration/Poison/Air       3
Comestibles
 d - 2 bread rations
 h - a chunk of flesh
 k - a beef jerky
 l - a meat ration
 m - a slice of pizza


   Skills:
 + Level 0.2(0.0) Short Blades
 + Level 2.3(1.1) Dodging
 + Level 2.6(1.4) Stealth
 + Level 5.3(4.0) Spellcasting
 + Level 2.1(0.9) Conjurations
 + Level 0.8(0.0) Summonings
 + Level 1.1(0.0) Translocations


You had 2 spell levels left.
You knew the following spells:

 Your Spells              Type           Power        Failure   Level  Hunger
a - Magic Dart            Conj           #...         10%         1    None
b - Call Imp              Summ           #.......     17%         2    #......
c - Mephitic Cloud        Conj/Pois/Air  #.......     34%         3    ###....
d - Blink                 Tloc           N/A          17%         2    #......
e - Conjure Flame         Conj/Fire      #.......     34%         3    ###....


Dungeon Overview and Level Annotations

Branches:
Dungeon (4/15)
 Temple: D:4-7

Altars:
Yredelemnul


Message History

The orc wizard blinks!
A jackal comes into view.
The orc warrior completely misses you.
You see here a dagger.
The jackal barks!
You hit the orc warrior but do no damage.
The orc warrior hits you with a short sword of draining!
You feel drained.
The orc wizard gestures wildly while chanting.
The orc wizard blinks!
The orc warrior hits you with a short sword of draining.
* * * LOW HITPOINT WARNING * * *
You feel drained.
* * * LOW HITPOINT WARNING * * *
Things that are here:
a stone; a leather armour; a hand axe
There is a stone staircase leading up here.
You see here a stone.
The orc warrior hits you with a short sword of draining!
You die...

#.#
########.####.###.#######.
#.#
#......).......##.........
#.#
#.#####.#####..##.#######.
#.# #.# #.# ###..##.# #.
#.# #.# #.# #.......# ##
#.# #.# #.# #.#####.###
..# #.# #.# #.# #.....#
### #.#
#.###.###.....###### #.#
#.(@oh...)..........
###.###
#####.###..[..######
#.....# #.# #.....# #.
######.....#
#h#####.#######.
...........#
#.o.ho.h........
######.....#
###########.###. ..#
#.....############### #)#
#. ..#
#######.............# #.#
#. ..#
#.###########.###o###.


You could see an orc warrior and a jackal.

Vanquished Creatures
  3 adders
  2 worms
  9 orcs (D:3)
  5 bats
  A giant cockroach (D:2)
  12 goblins
  4 hobgoblins
  2 jackals (D:1)
  2 ball pythons (D:3)
  3 frilled lizards
  6 kobolds
  6 rats
  A spectral orc (D:3)
56 creatures vanquished.

Notes
Turn   | Place    | Note
-------+----------+-------------------------------------------
     0 | D:1      | devil0150 the High Elf Wizard began the quest for the Orb.
     0 | D:1      | Reached XP level 1. HP: 11/11 MP: 6/6
   392 | D:1      | Reached skill level 4 in Spellcasting
   578 | D:1      | Reached XP level 2. HP: 17/17 MP: 4/8
  1896 | D:2      | Reached XP level 3. HP: 6/21 MP: 1/10
  2228 | D:2      | You fall through a shaft for 2 floors!
  2344 | D:2      | Learned a level 2 spell: Call Imp
  2348 | D:2      | Learned a level 3 spell: Mephitic Cloud
  2351 | D:2      | Learned a level 2 spell: Blink
  2355 | D:2      | Learned a level 3 spell: Conjure Flame
  2693 | D:3      | Reached skill level 5 in Spellcasting
  2693 | D:3      | Reached XP level 4. HP: 12/27 MP: 1/12
  3711 | D:3      | Found a basalt altar of Yredelemnul.
  3868 | D:3      | Noticed an orc warrior
  3895 | D:3      | Slain by an orc warrior

Skill      XL: |  1  2  3 |
---------------+----------+-----
Spellcasting   | 4 5 |  5.3
Conjurations   | 2 |  2.1
Short Blades   | |  0.2
Dodging        | |  2.3
Stealth        | |  2.6
Summonings     | |  0.8
Translocations | |  1.1

Action                   |  1- 3 |  4- 6 || total
-------------------------+-------+-------++-------
Melee: Unarmed           |    15 |       ||    15
       Dagger            |    30 |    10 ||    40
 Cast: Magic Dart        |   102 |    56 ||   158
  Use: Scroll            |     6 |     2 ||     8
  Eat: Chunk             |     5 |     4 ||     9
Armor: Robe              |    13 |     2 ||    15
Dodge: Dodged            |    46 |     6 ||    52
